 Dungeon Crawl Stone Soup version 0.27.1 (webtiles) character file.

Game seed: 275638989265834729

4 nightchill the Sneak (level 1, -3/11 HPs)
             Began as a Kobold Enchanter on Aug 23, 2021.
             Slain by a kobold (7 damage)
             ... on level 1 of the Dungeon.
             The game lasted 00:00:44 (645 turns).

nightchill the Sneak (Kobold Enchanter)              Turns: 645, Time: 00:00:44

Health: -3/11      AC:  2    Str:  5    XL:     1   Next: 77%
Magic:  2/3        EV: 15    Int: 16    God:
Gold:   15         SH:  0    Dex: 15    Spells: 3/4 levels left

rFire    . . .     SeeInvis .   a - +1 dagger
rCold    . . .     Faith    .   (shield restricted)
rNeg     . . .     Spirit   .   b - +0 robe
rPois    .         Reflect  .   (no helmet)
rElec    .         Harm     .   (no cloak)
rCorr    .         Rampage  .   (no gloves)
Will     .....                  (no boots)
Stlth    ++++......             (no amulet)
HPRegen  0.03/turn              (no ring)
MPRegen  0.08/turn              (no ring)

@: no status effects
A: small, no large weapons, nightstalker 3
a: no special abilities


You were on level 1 of the Dungeon.
You visited 1 branch of the dungeon, and saw 1 of its levels.

You collected 15 gold pieces.

Inventory:

Hand Weapons
 a - a +1 dagger (weapon)
Armour
 b - a +0 robe (worn)
Scrolls
 c - 2 scrolls of fear {unknown}
 d - a scroll of brand weapon {unknown}


   Skills:
 + Level 0.3 Fighting
 + Level 1.6 Short Blades
 - Level 2.4 Dodging
 + Level 4.1 Stealth
 - Level 2.1 Spellcasting
 * Level 3.1 Hexes


You had 3 spell levels left.
You knew the following spells:

 Your Spells              Type           Power      Damage    Failure   Level
a - Corona                Hex            12%        N/A       5%          1

Your spell library contained the following spells:

 Spells                   Type           Power      Damage    Failure   Level
 Ensorcelled Hibernation  Hex/Ice        12%        N/A       16%         2
 Confusing Touch          Hex            11%        N/A       17%         3
 Tukima's Dance           Hex            11%        N/A       17%         3
 Dazzling Flash           Conj/Hex       12%        N/A       32%         3


Dungeon Overview and Level Annotations

Branches:
Dungeon (1/15)

Altars:


Innate Abilities, Weirdness & Mutations

You are small and have problems with some larger weapons.
You are completely attuned to the shadows.


Message History

You see here 2 fizzy cyan potions.
A kobold is nearby!
The kobold shouts!
A giant cockroach comes into view.
You see here 2 fizzy cyan potions.
The kobold throws a stone.
The stone completely misses you.
You start waiting.
A kobold is nearby!
Casting: Corona (safe; 5% risk of failure)
Confirm with . or Enter, or press ? or * to list all spells.
Aiming: Corona (safe; 5% risk of failure)
Press: ? - help, Shift-Dir - straight line, f - kobold
Aim: a kobold, wielding a +2 short sword of protection and quivering stones (chance to affect: 64%)
The kobold is outlined in light.
You hit the kobold but do no damage. The kobold barely misses you.
You hit the kobold but do no damage. The kobold barely misses you.
You hit the kobold but do no damage. The kobold hits you but does no damage.
You closely miss the kobold. You hit the kobold.
The kobold is heavily wounded.
The kobold hits you with a +2 short sword of protection.
You hit the kobold but do no damage.
The kobold is heavily wounded.
The kobold hits you with a +2 short sword of protection.
* * * LOW HITPOINT WARNING * * *
You hit the kobold but do no damage.
The kobold is heavily wounded.
The kobold barely misses you.
You hit the kobold but do no damage.
The kobold is heavily wounded.
The kobold hits you but does no damage.
You hit the kobold but do no damage.
The kobold is heavily wounded.
The kobold barely misses you.
You hit the kobold but do no damage.
The kobold is heavily wounded.
The kobold stops glowing.
The kobold hits you with a +2 short sword of protection!
Ouch! That really hurt!
You die...

#.# #.# ##.##
########...#######
#................#
####.######...#####.#
..........##.## #.#
####.####.##.# #.#
### ...†..@K..##.#
#.# ..#
########..##.# #.#
..# #!.##.# #.# ..#
#K.# #.# ..# #......
....B.# #.# ..#
#...(.. ###...# #.#
..# #...... ....# #.#
..###...... ##..##
#.# ............ ....
#.#


You could see a kobold.

Vanquished Creatures
  A dart slug (D:1)
  A quokka (D:1)
  A bat (D:1)
3 creatures vanquished.

Notes
Turn   | Place    | Note
-------+----------+-------------------------------------------
     0 | D:1      | nightchill the Kobold Enchanter began the quest for the
                  | Orb.
     0 | D:1      | Reached XP level 1. HP: 10/10 MP: 3/3
   645 | D:1      | Slain by a kobold

Illustrated notes

Levels and vault maps discovered:
D:1:      lemuel_arrival_funnel, layout_loops_ring,
          shapermc_ecumenical_altar_hornbeckon

Action                   || total
-------------------------++-------
Melee: Dagger            ||    20
 Cast: Corona            ||     2
 Stab: Sleeping          ||     1
Armor: Robe              ||     3
Dodge: Dodged            ||    10
